Cogmind - Beta 13 @@@ ROGUE MODE // 2024.05.02 @ 20:50:16 Player: ThatBishHoly Result: Core destroyed Performance ------------- Evolutions (2) 1000 Regions Visited (3) 600 Robots Destroyed (33) 165 Value Destroyed (958) 958 Prototype IDs (0) 0 Alien Tech Used (0) 0 Bonus (15) 15 TOTAL SCORE: 2738 Bonus ------- High Alert Combat Kills 15 Cogmind --------- Core Integrity 0/550 Matter 78/300 Energy 100/100 System Corruption 0% Temperature Cool (-54) Movement Core (50) Location -8/Materials Parts ------- > --- POWER (2) -------- (None) > --- PROPULSION (5) --- (None) > --- UTILITY (2) ------ Cryofiber Web > --- WEAPON (2) ------- (None) > --- INVENTORY (5) ---- Improved Heat Sink Improved Light Cannon Grenade Launcher Peak State ------------ > --- POWER ------------ Light Nuclear Core > --- PROPULSION ------- Flight Unit Flight Unit Flight Unit > --- UTILITY ---------- Cryofiber Web Improved Weapon Shielding > --- WEAPON ----------- Gauss Rifle Axe > --- INVENTORY -------- Nuclear Core Improved Heat Sink Improved Light Cannon Assault Cannon Grenade Launcher [Rating: 20] Favorites ----------- Power Light Nuclear Core Engine Light Ion Engine Power Core Light Nuclear Core Propulsion Aluminum Leg Leg Aluminum Leg Flight Unit Flight Unit Utility Improved Heat Sink Device Improved Heat Sink Processor Visual Processing Unit Protection Medium Armor Plating Weapon Grenade Launcher Energy Gun Heavy EM Pulse Gun Ballistic Gun Light Assault Rifle Ballistic Cannon Assault Cannon Launcher Grenade Launcher Slashing Weapon Axe Build | -11 -10 -9 -8 ------- Run | Yrd Mat Mat Mat Slots Evolved 4 | . . 2 2 Power 1 | . . . 1 Propulsion 3 | . . 2 1 Utility . | . . . . Weapon . | . . . . Parts Attached 36 | . 10 11 15 Power 5 | . 2 . 3 Engine 1 | . 1 . . Core 4 | . 1 . 3 Reactor . | . . . . Propulsion 11 | . 2 6 3 Treads . | . . . . Leg 4 | . 2 2 . Wheel . | . . . . Hover . | . . . . Flight 7 | . . 4 3 Utility 5 | . 1 2 2 Device 2 | . 1 . 1 Storage . | . . . . Processor 1 | . . 1 . Hackware . | . . . . Protection 2 | . . 1 1 Artifact . | . . . . Weapon 15 | . 5 3 7 Energy Gun 4 | . 1 2 1 Energy Cannon . | . . . . Ballistic Gun 3 | . 2 . 1 Ballistic Cannon 2 | . . . 2 Launcher 4 | . 2 1 1 Special Weapon . | . . . . Impact Weapon . | . . . . Slashing Weapon 2 | . . . 2 Piercing Weapon . | . . . . Special Melee Weapon . | . . . . Unidentified Prototypes . | . . . . Parts Lost 19 | . 1 4 14 Power 4 | . 1 . 3 Propulsion 7 | . . 2 5 Utility 2 | . . . 2 Weapon 6 | . . 2 4 Highest Loss Streak 6 | . 1 2 6 To Critical Strikes . | . . . . Average Slot Usage (%) 73 | . 79 84 57 Core 9 | . 10 11 7 Leg 16 | . 28 24 . Flight 10 | . . 11 18 Device 7 | . 10 8 5 Processor 3 | . . 4 3 Protection 3 | . . 2 5 Energy Gun 5 | . 6 7 3 Ballistic Gun 4 | . 10 . 4 Launcher 9 | . 11 14 2 Slashing Weapon 1 | . . . 5 Naked Turns . | . . . . Heaviest Build 19 | . 12 18 19 Greatest Support 40 | 3 20 40 12 Greatest Overweight (x) 6 | . . 3 6 Average Overweight (x) . | . . . . Largest Inventory Capacity 5 | 5 5 5 5 Average Capacity 5 | 5 5 5 5 Most Carried 5 | 5 4 5 5 Average Carried 3 | 3 1 3 3 Final Capacity 5 | 5 5 5 5 Final Carried 5 | 5 2 3 3 Class Distribution -------------------- 75% | Mutant 24% | Scavenger-Mutant Dominant Class ---------------- Mutant | -10/Materials Mutant | -9/Materials Scavenger-Mutant | -8/Materials Resources | -11 -10 -9 -8 ----------- Run | Yrd Mat Mat Mat Matter Collected 671 | 200 78 219 174 Remotely . | . . . . Salvage Created 832 | . 78 511 243 Parts 70 | . 6 43 21 Haulers Intercepted . | . . . . Recyclers Shooed 2 | . . 1 1 Parts Field Recycled . | . . . . Retrieved Matter . | . . . . Parts Self-Destructed . | . . . . Prevented . | . . . . Kills | -11 -10 -9 -8 ------- Run | Yrd Mat Mat Mat Combat Hostiles Destroyed 23 | . 2 12 9 Melee 2 | . . . 2 Guns 10 | . 2 4 4 AOE 11 | . . 8 3 Classes Destroyed 8 | . 1 4 3 Worker 4 | . . 2 2 Recycler 2 | . . 2 . Watcher 4 | . . 4 . Swarmer 4 | . . . 4 Cutter 1 | . . . 1 Grunt 14 | . 2 10 2 Sentry 3 | . . 2 1 Hunter 1 | . . . 1 Best Kill Streak 8 | . 2 6 8 Combat Bots Only 6 | . 2 4 6 Max Kills in Single Turn 3 | . 1 2 3 Gunslinging . | . . . . Exploded 2 | . . 1 2 Melee 1 | . . . 1 Uniques/NPCs Destroyed . | . . . . Combat | -11 -10 -9 -8 -------- Run | Yrd Mat Mat Mat Hostile Shots Fired 225 | . 20 65 140 Missed 73 | . 8 32 33 Damage Taken 2609 | . 163 706 1740 Core 738 | . 45 141 552 Absorbed by Shields . | . . . . Redirected to Shielding 136 | . . . 136 Core Remaining (%) 82 | 100 82 64 . Volleys Fired 64 | . 10 32 22 Largest 2 | . 2 2 2 Hottest 96 | . 40 75 96 Shots Fired 113 | . 20 58 35 Gun 68 | . 20 31 17 Cannon 11 | . . . 11 Launcher 34 | . . 27 7 Special . | . . . . Kinetic 34 | . 20 . 14 Thermal 7 | . . . 7 Explosive 34 | . . 27 7 Electromagnetic 38 | . . 31 7 Robot Hit Streak 7 | . 4 7 7 Robot Miss Streak 3 | . 2 3 3 Penetration Max . | . . . . Secondary Targets 4 | . 1 . 3 Max Gunslinging Chain 1 | . 1 . 1 Shots Hit Robots 69 | . 12 32 25 Core Hits 69 | . 6 40 23 Critical Kills . | . . . . Critical Parts Destroyed . | . . . . Critical Strikes 4 | . . 1 3 Burn 1 | . . . 1 Corrupt 1 | . . 1 . Sever 2 | . . . 2 Melee Attacks 7 | . . . 7 Impact . | . . . . Slashing 7 | . . . 7 Piercing . | . . . . Sneak Attacks . | . . . . Combat Hostiles . | . . . . Follow-up Attacks . | . . . . Damage Inflicted 2445 | . 106 1530 809 Guns 528 | . 106 230 192 Cannons 116 | . . . 116 Explosions 1629 | . . 1300 329 Melee 162 | . . . 162 Ramming 10 | . . . 10 Kinetic 283 | . 106 . 177 Thermal 94 | . . 36 58 Explosive 1593 | . . 1264 329 Electromagnetic 303 | . . 230 73 Impact . | . . . . Slashing 162 | . . . 162 Piercing . | . . . . Highest Corruption 6 | . . 6 . Average Corruption 6 | . . 6 . Corruption Purged . | . . . . Corruption Blocked . | . . . . Effects 1 | . . 1 . Matter Fused 1 | . . 1 . Overload Shots . | . . . . Overflow Damage 14 | . . . 14 Projectiles . | . . . . Explosions 3 | . . . 3 Melee 11 | . . . 11 Knockbacks . | . . . . Impact . | . . . . Kinetic . | . . . . Secondary . | . . . . Self-Inflicted Damage 146 | . . 84 62 Shots 9 | . . 5 4 Rammed 2 | . . . 2 Targets Rammed 4 | . . 2 2 Kicked 2 | . . 2 . Crushed . | . . . . Highest Temperature 308 | . 16 254 308 Average Temperature 121 | . 7 100 184 Received Heat Transfer 813 | . 93 234 486 Siege Activations . | . . . . Robots Corrupted . | . . . . Combat Hostiles . | . . . . Parts Fried . | . . . . Impact Corruptions . | . . . . Robots Melted . | . . . . Combat Hostiles . | . . . . Parts Melted . | . . . . Heat Transferred 272 | . . 50 222 Parts Sabotaged . | . . . . Parts Stolen . | . . . . Parts Stripped . | . . . . Power Chain Reactions 1 | . . 1 . Alert | -11 -10 -9 -8 ------- Run | Yrd Mat Mat Mat Peak Influence 433 | . 69 433 420 Initial 155 | . . 28 155 Average 198 | . 49 213 295 Maximum Alert Level 2 | . . 2 2 Low Security (%) 50 | 100 100 44 20 Level 1 39 | . . 48 57 Level 2 10 | . . 7 22 Level 3 . | . . . . Level 4 . | . . . . Level 5 . | . . . . High Security . | . . . . Max Security . | . . . . Squads Dispatched 7 | . 1 2 4 Investigation . | . . . . Extermination . | . . . . Reinforcement 7 | . 1 2 4 Assault . | . . . . Garrison . | . . . . Intercept . | . . . . Searches Triggered . | . . . . Construction Impeded 1 | . . . 1 Haulers Reinforced . | . . . . Active Scanning Responses . | . . . . Cargo Convoy Interrupts . | . . . . Stealth | -11 -10 -9 -8 --------- Run | Yrd Mat Mat Mat Distress Signals 5 | . . 3 2 Communications Jammed . | . . . . Distress Signals . | . . . . Times Spotted 40 | . 3 18 19 Peak Tracking Total 7 | . 3 4 7 Tactical Retreats . | . . . . Traps | -11 -10 -9 -8 ------- Run | Yrd Mat Mat Mat Traps Triggered . | . . . . Indirectly . | . . . . Trap Hack Attempts . | . . . . Triggered . | . . . . Disarmed . | . . . . Reprogrammed . | . . . . Reused . | . . . . Traps Extracted . | . . . . Installed . | . . . . Triggered . | . . . . Machines | -11 -10 -9 -8 ---------- Run | Yrd Mat Mat Mat Machines Disabled 9 | . . 7 2 Max in Single Turn 2 | . . 2 1 Machines Repaired . | . . . . Machines Dismantled . | . . . . Machines Sabotaged . | . . . . Overloaded Fab Kills . | . . . . Hacking | -11 -10 -9 -8 --------- Run | Yrd Mat Mat Mat Machines Accessed 7 | . 3 2 2 Terminals 7 | . 3 2 2 Fabricators . | . . . . Repair Stations . | . . . . Recycling Units . | . . . . Scanalyzers . | . . . . Garrison Access . | . . . . Total Hacks 16 | . 9 2 5 Successful 8 | . 3 2 3 Failed 8 | . 6 . 2 Catastrophic 3 | . 3 . . Database Lockouts . | . . . . Manual . | . . . . Terminals 16 | . 9 2 5 Fabricators . | . . . . Repair Stations . | . . . . Recycling Units . | . . . . Scanalyzers . | . . . . Garrison Access . | . . . . Terminal Hacks 8 | . 3 2 3 Robot Analysis 1 | . 1 . . Locate Traps 3 | . 1 1 1 Recall Investigation 1 | . . . 1 Zone Layout 3 | . 1 1 1 Fabricator Hacks . | . . . . Repair Station Hacks . | . . . . Recycling Unit Hacks . | . . . . Scanalyzer . | . . . . Garrison Access Hacks . | . . . . Unauthorized Hacks . | . . . . Terminals . | . . . . Fabricators . | . . . . Repair Stations . | . . . . Recycling Units . | . . . . Scanalyzers . | . . . . Garrison Access . | . . . . Data Cores Recovered . | . . . . Used . | . . . . Hacking Detections 5 | . 1 2 2 Full Trace Events 1 | . 1 . . Feedback Events . | . . . . Feedback Blocked . | . . . . Robot Schematics Acquired . | . . . . Robots Built . | . . . . Authchips . | . . . . Time . | . . . . Total Robot Build Rating . | . . . . Part Schematics Acquired . | . . . . Parts Built . | . . . . Authchips . | . . . . Time . | . . . . Total Part Build Rating . | . . . . Parts Repaired . | . . . . Time . | . . . . Parts Recycled . | . . . . Recycled Matter . | . . . . Retrieved Matter . | . . . . Retrieved Components . | . . . . Parts Scanalyzed . | . . . . Part Schematics Acquired . | . . . . Parts Damaged . | . . . . Bothacking | -11 -10 -9 -8 ------------ Run | Yrd Mat Mat Mat Used RIF Installer . | . . . . Robots Hacked . | . . . . Non-combat . | . . . . Combat . | . . . . Robot Hacks Applied . | . . . . Relay Couplers Released . | . . . . Fabnet Peak Effective % . | . . . . Robots Rewired . | . . . . Allies Hacked . | . . . . Hacks Repelled . | . . . . Allies | -11 -10 -9 -8 -------- Run | Yrd Mat Mat Mat Total Allies . | . . . . Largest Group . | . . . . Highest-Rated Group . | . . . . Highest-Rated Ally . | . . . . Total Orders . | . . . . Ally Attacks . | . . . . Total Damage . | . . . . Kills . | . . . . Allies Corrupted . | . . . . Allies Melted . | . . . . Intel | -11 -10 -9 -8 ------- Run | Yrd Mat Mat Mat Robot Analysis Total 1 | . 1 . . Derelict Logs Recovered . | . . . . Drone Launches . | . . . . Drone Recoveries . | . . . . Exploration | -11 -10 -9 -8 ------------- Run | Yrd Mat Mat Mat Turns Passed 1456 | 29 352 566 509 Spaces Moved 1030 | 48 256 370 356 Core 65 | 48 . 1 16 Treads . | . . . . Legs 530 | . 256 274 . Wheels . | . . . . Hover . | . . . . Flight 435 | . . 95 340 Fastest Speed 26 | 50 120 26 32 Average Speed 110 | 50 120 117 104 Slowest Speed 360 | 50 120 200 360 Overloaded Moves . | . . . . Propulsion Burnouts . | . . . . Robots Hopped 2 | . . . 2 Cave-ins Triggered 1 | . . 1 . Exploration Rate (%) 23 | 3 37 33 20 Regions Visited 3 Branch Regions . Pre-discovered Areas . | . . . . Known Exits Taken . | . . . . Unknown Exits Taken 3 | 1 1 1 . Scrap Searched . | . . . . Spaces Dug 8 | . . 8 . Terrain Destroyed 147 | . . 107 40 Melee . | . . . . Projectile 3 | . . . 3 AOE 144 | . . 107 37 Terrain Rammed . | . . . . Walls Destroyed . | . . . . Machines Disabled . | . . . . Actions | -11 -10 -9 -8 --------- Run | Yrd Mat Mat Mat Total 1222 | 52 285 445 440 Wait 44 | . . 17 27 Move 1023 | 47 255 369 352 Hop 2 | . . . 2 Pick Up 31 | 5 7 10 9 Fast Attach 4 | . . . 4 Attach 22 | . 7 9 6 Detach 1 | . . . 1 Swap 10 | . 3 2 5 Drop 11 | . 3 4 4 Fire 64 | . 10 32 22 Melee 7 | . . . 7 Ram 1 | . . . 1 Kick 2 | . . 2 . Crush . | . . . . Escape Stasis . | . . . . Rewire . | . . . . Trap . | . . . . Miscellaneous . | . . . . Route ------- -11/Scrapyard -10/Materials -9/Materials -8/Materials History --------- Turn | Location | Event 11 | -11/Scrapyard | Discovered new exit (range 16) 30 | -11/Scrapyard | Entered Materials 300 | -10/Materials | Build established: Mutant 364 | -10/Materials | Discovered new exit (range 16) 382 | -10/Materials | Entered another Materials area 382 | -9/Materials | Evolved 2 slots: Propulsion x2 892 | -9/Materials | Discovered new exit (range 9) 927 | -9/Materials | Crushed by falling debris 948 | -9/Materials | Entered another Materials area 948 | -8/Materials | Evolved 2 slots: Power x1, Propulsion x1 1093 | -8/Materials | Lost 4 parts (1p2n1u) 1373 | -8/Materials | Lost 3 parts (2n1u) 1442 | -8/Materials | Core integrity fell below 50% 1453 | -8/Materials | Core integrity fell below 20% 1457 | -8/Materials | Core destroyed Last Messages --------------- 01432_ Terminal disabled. 01432_ U-05 Engineer lays Concrete. 01433_ G-47 Trooper Aluminum Leg severed. 01435_ Penetrated by Slug. 01435_ U-05 Engineer lays Concrete. 01438_ Penetrated by Slug. 01438_ Lgt. Nuclear Core destroyed. 01439_ Blade Saw destroyed. 01440_ Slug penetrates G-47 Trooper. 01440_ Nuclear Core destroyed. 01441_ Slug penetrates Wall. 01442_ Gauss Rifle destroyed. 01444_ Slug penetrates G-47 Trooper. 01445_ Critical hit (Burn: +37). 01447_ Slug penetrates Wall. 01447_ Critical hit (Burn: +37). 01450_ Penetrated by Slug. 01456_ Slammed into G-47 Trooper. 01456_ Assault Cannon destroyed. 01457_ Slammed into H-55 Commando. Map ----- +----------------------------------------------------+ | ???????????????????????????# """" #????????????? | | ???????????????????????????# """" #?????######## | | ???????????????????????????# """" #?????# # | | ???????????????????????????# #?????# """ # | | ??????????????????????????## """"" #?????# """ # | | ??????????????????????????# " """ #?????# """ # | | ?????????????????????# ???# "" #?????# # | | ?????????????????????# ## ####### # | | ?????????????????????# # # "## # ###+### | | ??????????????????"" # [ | | ?????????????????""" + = | | ?????????????????""" # ^ % | | ?????????????????????# #####+####### # ##+### | | ?????????????????????# # ## # T # | | ?????????????????????# ?# # # | | ?????????????????????# ??# # # # | | ??????????????????^^?????# ##! " ## # | | ?????????????????^?^???? + ## ## # | | ?????????????????? ????? # ## ## # | | ????????????????? ^^?????# ###+###### # | | ????????????????# T"???# ## #????# # | | ????????????????#[ "" ?## ## #????# # | | ????????????????# ###### # #????###### | | ????????????????# % # # #?????????? | | ??????????????????#"T"####/# # # #?????????? | | ???????????????????????#g@h# # # #?????????? | | ???????????????????????#g # # # #?????????? | | ???????????????????????# g# # # ## #?????????? | | ???????????????????????# # ## #?????????? | | ???????????????????????# ## #### #?????????? | | ???????????????????????# ### ## #??# #?????????? | | ???????????????????????# #?#### #??# #?????????? | | ???????????????????????#####????# #### ########### | | ???????????????????H????????????# | | ????????????????????????????????####+####+######## | | ?????????????????????????????????? ??# #?? | | ?????????????????????????????????# ""??# """ #?? | | ?????????????????????????????????# """?# """ #?? | | ?????????????????????????????????# """?# """ #?? | | ?????????????????????????????????# # #?? | | ?????????????????????????????????# # #?? | | ?????????????????????????????????###############?? | | ?????????????????????????????????????????????????? | | ?????????????????????????????????????????????????? | | ?????????????????????????????????????????????????# | | ?????????????????????????????????????????????????# | | ?????????????????????????????????????????????????# | | ?????????????????????????????????????????????????# | | ?????????????????????????????????????????????????# | | ?????????????????????????????????????????????????# | +----------------------------------------------------+ Best States ------------- Heat Dissipation 42 Energy Generation 23 Energy Capacity 300 Matter Stores 300 Matter Capacity 300 Sight Range 18 Terrain Scan Density 10 Base Temperature (-) 100 Armor Coverage 225 Weapon Shielding 66 Evasion (%) 64 Item Schematics ----------------- None Robot Schematics ------------------ None Fabricated ------------ Nothing Alien Tech Used ----------------- None Achievements -------------- None Challenges ------------ None Game ------ Seed MakeshiftCryofiberLeg Manual? 0 Play Time 00:21:37 Cumulative 18.5 hours Start 2024.05.02 @ 20:31:43 End 2024.05.02 @ 20:50:16 Sessions 1 Manual Loads 0 Difficulty Rogue Special Mode None Game No. 54 Rogue 54 Adventurer 0 Explorer 0 Win Type - Total 0 Types 0/0/0/0/0/0/0/0/0 Lore% 13 Gallery% 29 Achievement% 21 Wizard Run 0 Options --------- Layout 1 ASCII 0 Keyboard 0 Movement Arrows Keybinds 0 Fullscreen 1 Font 16/SmallcapsGlow Map View 25x20 Zoom Use 99% Tactical HUD 1 Map Filters NONE Filters NONE Steam SD RUN: c56c71df-db9e-4c3d-a5b0-42f6d3ae6fc1